 Dungeon Crawl Stone Soup version 0.30-a0-845-g7c6808c8ce (webtiles) character file.

Game seed: 11804407841675338221

605 cforsyth the Covert (level 7, -17/44 HPs)
             Began as a Kobold Brigand on Mar 2, 2023.
             Demolished by an ogre
             ... wielding a +0 giant club
              (30 damage)
             ... on level 5 of the Dungeon.
             The game lasted 00:05:24 (4433 turns).

cforsyth the Covert (Kobold Brigand)                Turns: 4433, Time: 00:05:25

Health: -17/44     AC:  6    Str:  7    XL:     7   Next: 70%
Magic:  7/7        EV: 17    Int: 16    God:
Gold:   174        SH:  0    Dex: 18    Spells: 6/6 levels left

rFire   . . .      SeeInvis .    a - +2 dagger
rCold   . . .      Faith    .    (no shield)
rNeg    + . .      Spirit   .    b - +0 robe
rPois   .          Reflect  .    q - +1 helmet
rElec   +          Rampage  .    c - +0 cloak
rCorr   .                        (no gloves)
Will    .....                    (no boots)
Stlth   +++++                    h - amulet of the acrobat
HPRegen 0.27/turn                l - ring of positive energy
MPRegen 0.10/turn                (no ring)

@: studying Stealth
A: small, no large weapons, nightstalker 3, clever 1, shaggy fur 1, electricity
resistance
a: no special abilities


You were on level 5 of the Dungeon.
You visited 2 branches of the dungeon, and saw 6 of its levels.

You collected 174 gold pieces.

Inventory:

Hand Weapons
 a - a +2 dagger (weapon)
Missiles
 d - 22 poisoned darts (quivered)
 e - 3 curare-tipped darts
Armour
 b - a +0 robe (worn)
 c - a +0 cloak (worn)
 q - a +1 helmet (worn)
Jewellery
 h - an amulet of the acrobat (around neck)
 l - a ring of positive energy (left hand)
 p - an amulet of guardian spirit
 r - a +5 ring of evasion
Wands
 x - a wand of paralysis (6)
Scrolls
 f - a scroll of immolation {unknown}
 g - 6 scrolls of identify {unknown}
 i - 4 scrolls of magic mapping {unknown}
 k - a scroll of enchant armour {unknown}
 m - a scroll of blinking {unknown}
 n - a scroll of fear {unknown}
 s - 4 scrolls of enchant weapon {unknown}
 u - a scroll of teleportation {unknown}
 v - a scroll of silence {unknown}
 w - a scroll of fog {unknown}
Potions
 j - 2 potions of attraction {unknown}
 o - 2 potions of magic
 t - a potion of ambrosia {unknown}
 z - a potion of heal wounds {unknown}


   Skills:
 + Level 4.6 Fighting
 + Level 5.8 Short Blades
 - Level 2.1 Throwing
 + Level 4.6 Dodging
 + Level 9.2 Stealth


You had 6 spell levels left.
You didn't know any spells.
Your spell library contained the following spells:

 Spells                   Type           Power      Damage    Failure   Level
 Blink                    Tloc           0%         N/A       36%         2
 Lesser Beckoning         Tloc           0%         N/A       36%         2
 Momentum Strike          Conj/Tloc      0%         3d8       36%         2
 Vhi's Electric Charge    Tloc/Air       0%         N/A       58%         3
 Arcjolt                  Conj/Air       0%         1d10      100%        5
 Maxwell's Capacitive Co  Air            0%         ∞         100%        8


Dungeon Overview and Level Annotations

Branches:
Dungeon (5/15)             Temple (1/1) D:4

Altars:
Ashenzari
Cheibriados
Elyvilon
Fedhas
Nemelex Xobeh
Okawaru
Sif Muna
Uskayaw
Vehumet
Wu Jian
Xom
Yredelemnul
Zin
The Shining One

Shops:
D:4 [


Innate Abilities, Weirdness & Mutations

You are small and have problems with some larger weapons.
You are completely attuned to the shadows.
Your mind is acute. (Int +4, Str/Dex -1)
You are covered in fur. (AC +1)
You are resistant to electric shocks. (rElec)


Message History

The jackal is heavily wounded.
The jackal barely misses you.
The jackal bites you but does no damage.
You hit the jackal.
The jackal is almost dead.
The jackal barely misses you. x2
You completely miss the jackal. You punch the jackal.
You kill the jackal!
The jackal closely misses you.
You hit the ogre.
The ogre is lightly wounded.
The jackal closely misses you.
The ogre hits you with a +0 giant club!!
Ouch! That really hurt!
* * * LOW HITPOINT WARNING * * *
You are too injured to fight recklessly!
You are too injured to fight recklessly!
You are too injured to fight recklessly!
You are too injured to fight recklessly!
You are too injured to fight recklessly!
You are too injured to fight recklessly!
You hit the ogre.
The ogre is lightly wounded.
The jackal misses you.
You hit the ogre.
The ogre is moderately wounded.
The jackal bites you.
* * * LOW HITPOINT WARNING * * *
The ogre misses you.
You hit the ogre.
The ogre is heavily wounded.
The jackal bites you but does no damage.
You closely miss the ogre.
The ogre is heavily wounded.
The jackal bites you but does no damage.
You hit the ogre.
The ogre is severely wounded.
The ogre hits you with a +0 giant club!!
Ouch! That really hurt!
You die...

.......##
........#
.........
#.†h†..#
#.@O#.# ##
#.....#.
...###......
......#......
#......##....#
#..........#..
#..........#
#..........#
#......##....


You could see an ogre and a jackal.

Vanquished Creatures
  2 ogres (D:4)
  A bullfrog (D:4)
  3 hounds (D:4)
  An orc priest (D:3)
  2 orc wizards (D:3)
  3 gnolls (D:3)
  7 adders
  3 dart slugs
  12 orcs
  3 bats
  6 endoplasms
  3 giant cockroaches
  7 goblins
  5 hobgoblins
  7 jackals
  2 quokkas
  8 ball pythons
  A frilled lizard (D:1)
  9 kobolds
  5 rats
90 creatures vanquished.

Notes
Turn   | Place    | Note
-------+----------+-------------------------------------------
     0 | D:1      | cforsyth the Kobold Brigand began the quest for the Orb.
     0 | D:1      | Reached XP level 1. HP: 12/12 MP: 1/1
    83 | D:1      | Found a faded altar of an unknown god.
   177 | D:1      | Reached XP level 2. HP: 18/18 MP: 2/2
   595 | D:2      | Reached XP level 3. HP: 22/22 MP: 3/3
   668 | D:2      | Identified the +0 trident of Bright Honour {flame, rC+
                  | Str-4 Dex+5}
   801 | D:2      | Identified the +8 hand axe of Midnight {heavy, *Corrode Fly
                  | rElec}
   943 | D:2      | Reached skill level 6 in Stealth
   943 | D:2      | Reached XP level 4. HP: 24/27 MP: 4/4
  1486 | D:3      | Reached XP level 5. HP: 32/32 MP: 5/5
  1698 | D:3      | Reached skill level 7 in Stealth
  1938 | D:4      | Reached XP level 6. HP: 32/37 MP: 6/6
  1990 | D:4      | Noticed an ogre
  1994 | D:4      | Killed an ogre
  1995 | D:4      | Reached skill level 5 in Short Blades
  1995 | D:4      | Reached skill level 8 in Stealth
  2028 | D:4      | Found a staircase to the Ecumenical Temple.
  2084 | Temple   | Entered the Ecumenical Temple
  2457 | D:4      | Noticed an ogre
  2461 | D:4      | Killed an ogre
  2462 | D:4      | Reached XP level 7. HP: 43/43 MP: 7/7
  2764 | D:4      | Reached skill level 9 in Stealth
  3253 | D:3      | Gained mutation: You are resistant to electric shocks.
                  | (rElec) [potion of mutation]
  3253 | D:3      | Gained mutation: Your mind is acute. (Int +4, Str/Dex -1)
                  | [potion of mutation]
  3253 | D:3      | Gained mutation: You are covered in fur. (AC +1) [potion of
                  | mutation]
  3976 | D:4      | Found Wanaf's Antique Armour Shoppe.
  4112 | D:4      | Found a broken altar of Ashenzari.
  4380 | D:5      | Entered Level 5 of the Dungeon
  4433 | D:5      | Demolished by an ogre

Illustrated notes

Levels and vault maps discovered:
D:1:      roderic_octagonal_star, layout_rooms,
          shapermc_ecumenical_altar_starsandcircs
D:2:      layout_rooms, chequers_serial_rivers_micro_c
D:3:      layout_basic, grunt_ministairs_14
D:4:      layout_rooms, lemuel_tele_altar, minmay_temple_entry_enclosed_plants,
          serial_shops, nicolae_inconvenience_store, minmay_surrounded
D:5:      layout_cave_pools, nicolae_dithmenos_the_darkroom, serial_shops, shop,
          ebering_dispersal_statue_hall, minivault_11, amethyst_killhole
Temple:   oiseaux_autumnal_temple

Skill      XL: |  1  2  3  4  5  6  7 |
---------------+----------------------+-----
Short Blades   | 3 4 5 |  5.8
Dodging        | 2 3 4 |  4.6
Stealth        | 6 7 8 9 |  9.2
Fighting       | 3 4 |  4.6
Throwing       | |  2.1

Action                     |  1- 3 |  4- 6 |  7- 9 || total
---------------------------+-------+-------+-------++-------
  Melee: Dagger            |    56 |    98 |   170 ||   324
         Punch             |       |       |     4 ||     4
    Use: Potion            |       |       |     4 ||     4
   Stab: Sleeping          |    13 |    24 |     5 ||    42
         Distracted        |     1 |       |       ||     1
 Armour: Robe              |     6 |    11 |    24 ||    41
         Skin              |       |       |     2 ||     2
  Dodge: Dodged            |    30 |    53 |   139 ||   222

Table legend: (Time is in decaauts)
 A = Elapsed time spent in this place.
 B = Non-inter-level travel time spent in this place.
 C = Inter-level travel time spent in this place.
 D = Time resting spent in this place.
 E = Time spent auto-exploring this place.
 F = Levels seen in this place.
 G = Mean time per level.
                   A        B        C        D        E       F      G
               +--------+--------+--------+--------+--------+-----+--------+
         Total |   4372 |   4160 |    212 |    934 |   2528 |   6 |  728.7 |
       Dungeon |   4021 |   3840 |    181 |    934 |   2224 |   5 |  804.2 |
        Temple |    350 |    319 |     31 |      0 |    304 |   1 |  350.0 |
               +--------+--------+--------+--------+--------+-----+--------+

Top non-repeatable levels by time:
     D:3: 1592 daAuts
     D:4: 1153 daAuts
     D:2: 658 daAuts
     D:1: 568 daAuts
  Temple: 350 daAuts
     D:5: 48 daAuts
